 Dungeon Crawl Stone Soup version 0.21.1-1-g345015f (webtiles) character file.

547 Hubbles the Changer (level 7, -16/35 HPs)
             Began as a Vine Stalker Transmuter on Feb 12, 2018.
             Was a Believer of Ru.
             Demolished by an ogre
             ... wielding a +0 giant club
              (20 damage)
             ... on level 4 of the Dungeon.
             The game lasted 00:09:41 (3639 turns).

Hubbles the Changer (Vine Stalker Transmuter)       Turns: 3639, Time: 00:09:42

Health: -16/35     AC:  4    Str: 12    XL:     7   Next: 28%
Magic:  0/13       EV: 12    Int: 15    God:    Ru [**....]
Gold:   178        SH:  0    Dex: 15    Spells: 10/13 levels left

rFire    . . .     SeeInvis .     - Unarmed
rCold    . . .     Gourm    .   (no shield)
rNeg     . . .     Faith    .   u - +0 leather armour (curse)
rPois    .         Spirit   +   k - +0 helmet
rElec    .         Reflect  .   (no cloak)
rCorr    .         Harm     .   (no gloves)
MR       .....                  (boots currently unavailable)
Stlth    +.........             e - amulet of rage
HPRegen  0.51/turn              (no ring)
MPRegen  0.13/turn              (no ring)

@: lethally poisoned (-16 -> -17), appendage, drained
A: fangs 2, talons 3, regeneration 1, magic shield, antimagic bite, no potion
heal 3, rot immunity, inability to use devices
a: End Transformation, Renounce Religion


You were on level 4 of the Dungeon.
You worshipped Ru.
Ru was pleased with you.
You were not hungry.
You had grown temporary talons.
You visited 1 branch of the dungeon, and saw 4 of its levels.

You collected 178 gold pieces.

Inventory:

Hand Weapons
 b - a +4 war axe of electrocution
 o - a +0 dagger of electrocution
Missiles
 a - 13 arrows
 r - 4 tomahawks (quivered)
Armour
 k - a +0 helmet (worn)
 q - a +0 robe
 u - a cursed +0 leather armour (worn)
Jewellery
 e - an amulet of rage (around neck)
Wands
 f - a wand of random effects (36)
 g - a wand of iceblast (7)
 p - a wand of disintegration (11)
 v - a wand of paralysis (15)
Scrolls
 j - a scroll of magic mapping
 l - a scroll of enchant weapon
 s - a scroll of identify
Potions
 h - a potion of agility
 i - 2 potions of curing
 n - a potion of invisibility {unknown}
 t - a potion of berserk rage {unknown}
Books
 c - a book of Changes

   Spells                             Type                      Level
   a - Beastly Appendage              Transmutation                1
   b - Sticks to Snakes               Transmutation                2
   c - Spider Form                    Transmutation/Poison         3
   d - Ice Form                       Ice/Transmutation            4
   e - Blade Hands                    Transmutation                5
Comestibles
 d - 5 rations
 m - a chunk of flesh


   Skills:
 + Level 2.1(1.8) Fighting
 - Level 1.0(0.7) Armour
 + Level 2.4(2.1) Dodging
 + Level 4.3(4.0) Unarmed Combat
 + Level 3.7(3.5) Spellcasting
 * Level 5.0(4.7) Transmutations


You had 10 spell levels left.
You knew the following spells:

 Your Spells              Type           Power        Failure   Level  Hunger
a - Beastly Appendage     Tmut           ###...       3%          1    None
b - Sticks to Snakes      Tmut           ###.....     4%          2    ##.....


Dungeon Overview and Level Annotations

Branches:
Dungeon (4/15)
 Temple: D:4-7

Altars:
Okawaru
Ru
Yredelemnul


Innate Abilities, Weirdness & Mutations

You have extremely sharp teeth.
Your natural rate of healing is unusually fast.
When hurt, damage is shared between your health and your magic reserves.
Your bite disrupts and absorbs the magic of your enemies.
Potions cannot restore your health.
You are immune to rotting.
You cannot study or use magical devices.
You have claws for feet.


Message History

You are poisoned.
The worker ant poisons you!
You focus your will and illuminate the worker ant in retribution!
The ogre closely misses you.
Okay, then.
Okay, then.
You hit the ogre but do no damage.
The ogre is lightly wounded.
You feel sick. The worker ant barely misses you.
Something misses your ball python. Something grabs your ball python.
Your ball python is constricted.
Your ball python barely misses the ogre.
You hit the ogre but do no damage. You bite the ogre. You drain its power.
You feel invigorated.
The ogre is moderately wounded.
You feel sick. The worker ant bites you.
* * * LOW HITPOINT WARNING * * *
The ogre hits you with a giant club!!
Ouch! That really hurt!
You die...

#.####........ #.#
#......##.##.# ..#
######.##.##.####
#...........
####.###### ### #...#
... #...# #####.###
#...######.......#
#...##.O@as.......
.###...##S###s..#.#$
.............#.....#
......................
######.......#.s......
##.##.####.S.....
#.#### ....... ..#
##...## ##.# .....


You could see an ogre, a worker ant, 2 giant cockroaches and a friendly ball
python.

Vanquished Creatures
  The ghost of robertstho the Shield-Bearer, an amateur GrFi (D:3)
  A crimson imp (D:3)
  2 orc priests (D:3)
  3 orc wizards (D:3)
  A worker ant (D:3)
  Robin (D:2)
  10 adders
  An ooze (D:1)
  A worm (D:2)
  2 dart slugs
  13 orcs (D:3)
  15 bats
  8 giant cockroaches
  13 goblins
  9 hobgoblins
  10 jackals
  12 kobolds
  3 quokkas
  4 frilled lizards
  13 rats
123 creatures vanquished.

Vanquished Creatures (collateral kills)
  2 hobgoblins (D:2)
2 creatures vanquished.

Grand Total: 125 creatures vanquished

Notes
Turn   | Place    | Note
-------+----------+-------------------------------------------
     0 | D:1      | Hubbles the Vine Stalker Transmuter began the quest for the Orb.
     0 | D:1      | Reached XP level 1. HP: 9/9 MP: 4/4
    51 | D:1      | Reached XP level 2. HP: 6/14 MP: 3/6
    62 | D:1      | Learned a level 2 spell: Sticks to Snakes
   435 | D:1      | Reached XP level 3. HP: 6/17 MP: 5/7
  1506 | D:2      | Reached skill level 1 in Armour
  1513 | D:2      | Noticed Robin
  1539 | D:2      | Reached skill level 3 in Transmutations
  1951 | D:2      | Gained mutation: Your natural rate of healing is unusually fast. [Vine Stalker growth]
  1951 | D:2      | Reached XP level 4. HP: 11/21 MP: 2/9
  2301 | D:2      | Killed Robin
  2301 | D:2      | Reached skill level 1 in Fighting
  2301 | D:2      | Reached XP level 5. HP: 25/25 MP: 2/10
  2667 | D:3      | Found a sacrificial altar of Ru.
  2708 | D:3      | Became a worshipper of Ru the Awakened
  2780 | D:3      | Reached skill level 4 in Transmutations
  2995 | D:3      | Noticed robertstho's ghost (amateur GrFi)
  2996 | D:3      | Reached XP level 6. HP: 25/30 MP: 8/11
  3000 | D:3      | Killed robertstho's ghost
  3003 | D:3      | Found an iron altar of Okawaru.
  3197 | D:3      | Reached XP level 7. HP: 34/34 MP: 13/13
  3281 | D:3      | Found a basalt altar of Yredelemnul.
  3284 | D:3      | Reached skill level 5 in Transmutations
  3574 | D:4      | Gained mutation: You cannot study or use magical devices. [Ru sacrifice]
  3574 | D:4      | Reached * piety under Ru
  3574 | D:4      | Reached ** piety under Ru
  3639 | D:4      | Demolished by an ogre

Skill      XL: |  1  2  3  4  5  6  7 |
---------------+----------------------+-----
Armour         | 1 |  1.0
Transmutations | 3 4 5 |  5.0
Fighting       | 1 2 |  2.1
Spellcasting   | 3 |  3.7
Dodging        | 2 |  2.4
Unarmed Combat | 4 |  4.3

Action                   |  1- 3 |  4- 6 |  7- 9 || total
-------------------------+-------+-------+-------++-------
Melee: Unarmed           |   138 |   129 |    48 ||   315
       Kick              |    12 |     9 |     1 ||    22
       Bite              |    24 |    33 |    15 ||    72
       Headbutt          |     5 |     4 |       ||     9
       Punch             |     1 |     1 |       ||     2
       War axe           |       |    30 |     6 ||    36
 Cast: Beastly Appendage |    23 |    15 |     2 ||    40
       Sticks to Snakes  |     4 |     6 |     1 ||    11
Invok: Sacrifice Artific |       |       |     1 ||     1
 Abil: Evoke Berserk Rag |       |     1 |       ||     1
Evoke: Wand              |       |     1 |     4 ||     5
  Use: Scroll            |     5 |     3 |       ||     8
       Potion            |       |     2 |       ||     2
 Stab: Sleeping          |       |     4 |       ||     4
       Paralysed         |       |     3 |       ||     3
  Eat: Chunk             |     4 |     6 |     1 ||    11
Armor: Robe              |    42 |    34 |     4 ||    80
       Leather armour    |       |       |     2 ||     2
Dodge: Dodged            |   121 |   104 |    48 ||   273
